 Dungeon Crawl Stone Soup version 0.29-a0-284-gf9362112df (webtiles) character file.

Game seed: 5541110053060326685

99 sokol815 the Chopper (level 4, -3/35 HPs)
             Began as a Demonspawn Monk on Mar 25, 2022.
             Was a Priest of Cheibriados.
             Slain by Terence
             ... wielding a +0 trident
              (5 damage)
             ... on level 2 of the Dungeon.
             The game lasted 00:03:46 (2073 turns).

sokol815 the Chopper (Demonspawn Monk)              Turns: 2073, Time: 00:03:47

Health: -3/35      AC:  7    Str: 18    XL:     4   Next: 45%
Magic:  4/4        EV: 12    Int: 20    God:    Cheibriados [***...]
Gold:   52         SH:  0    Dex: 23    Spells: 3/3 levels left

rFire   . . .      SeeInvis .   a - +0 hand axe
rCold   . . .      Faith    .   (no shield)
rNeg    . . .      Spirit   .   f - +0 ring mail
rPois   .          Reflect  .   (helmet restricted)
rElec   .          Harm     .   k - +0 cloak
rCorr   .          Rampage  .   e - +0 pair of gloves
Will    .....                   (no boots)
Stlth   ++........              (no amulet)
HPRegen 0.11/turn               (no ring)
MPRegen 0.09/turn               (no ring)

@: very slow
A: antennae 1, demonic magic 1
a: Renounce Religion, Bend Time, Temporal Distortion


You were on level 2 of the Dungeon.
You worshipped Cheibriados.
Cheibriados was most pleased with you.
You visited 1 branch of the dungeon, and saw 2 of its levels.

You collected 52 gold pieces.

Inventory:

Hand Weapons
 a - a +0 hand axe (weapon)
Missiles
 i - 3 poisoned darts
 s - 81 stones
Armour
 b - a +0 robe
 e - a +0 pair of gloves (worn)
   (You found it on level 1 of the Dungeon)
 f - a +0 ring mail (worn)
   (You found it on level 2 of the Dungeon)
 k - a +0 cloak (worn)
   (You found it on level 1 of the Dungeon)
Scrolls
 d - a scroll of torment {unknown}
 g - a scroll of enchant armour {unknown}
 h - a scroll of teleportation {unknown}
 m - a scroll of vulnerability {unknown}
 o - a scroll of magic mapping {unknown}
Potions
 c - a potion of attraction {unknown}
 j - a potion of might {unknown}
 B - a potion of brilliance
 L - a potion of flight


   Skills:
 - Level 3.0 Fighting
 + Level 4.8 Axes
 - Level 2.6 Dodging
 - Level 1.7 Stealth


You had 3 spell levels left.
You didn't know any spells.
Your spell library was empty.

Dungeon Overview and Level Annotations

Branches:
Dungeon (2/15)

Altars:
Cheibriados

Annotations:
D:2 Sigmund, Terence


Innate Abilities, Weirdness & Mutations

You have a pair of small antennae on your head.
Spells you cast may paralyse adjacent enemies.


Message History

s - 84 stones (gained 1)
s - 87 stones (gained 3) Sigmund the Dreaded comes into view.
He is wielding a +0 scythe.
You see here a +0 club.
You open the door.
There is an open door here.
You now have 52 gold pieces (gained 6).
There is an open door here.
Found a stone staircase leading down.
Terence the Incautious comes into view.
He is wielding a +0 trident and wearing a +1 chain mail of poison resistance.
Terence shouts!
You throw a stone. The stone closely misses Terence.
Terence bares his teeth.
You throw a stone.
The stone hits Terence but does no damage.
You throw a stone. The stone closely misses Terence.
You throw a stone.
The stone hits Terence but does no damage.
Terence hits you from afar with a +0 trident.
You take 2 damage, and have 33/35 hp.
You throw a stone.
The stone hits Terence but does no damage.
Terence closely misses you.
You throw a stone.
The stone hits Terence but does no damage.
Terence hits you from afar with a +0 trident.
You take 1 damage, and have 33/35 hp.
Clearing quiver.
Terence hits you with a +0 trident! Terence closely misses you.
You take 7 damage, and have 26/35 hp.
You hit Terence but do no damage. Terence hits you but does no damage.
You hit Terence but do no damage. Terence closely misses you.
You hit Terence. Terence closely misses you.
You hit Terence but do no damage. Terence barely misses you.
You hit Terence. Terence hits you with a +0 trident.
You take 6 damage, and have 20/35 hp.
You are too injured to fight recklessly!
You are too injured to fight recklessly!
You barely miss Terence. Terence hits you but does no damage.
You hit Terence. Terence closely misses you.
You hit Terence but do no damage. Terence hits you with a +0 trident.
You take 1 damage, and have 20/35 hp.
You completely miss Terence. Terence hits you but does no damage.
You hit Terence but do no damage. Terence closely misses you.
You hit Terence but do no damage. Terence hits you but does no damage.
You hit Terence but do no damage. Terence hits you with a +0 trident.
You take 5 damage, and have 15/35 hp.
You barely miss Terence. Terence closely misses you.
You hit Terence. Terence hits you but does no damage.
The flow of time bends around you.
Cheibriados rebukes Terence.
Terence seems to slow down.
Terence completely misses you.
You now have 1/4 mp.
You hit Terence. You hit Terence but do no damage.
Terence hits you with a +0 trident.
You take 5 damage, and have 11/35 hp.
You hit Terence but do no damage. Terence closely misses you.
You hit Terence but do no damage. You hit Terence but do no damage.
Terence hits you with a +0 trident.
* * * LOW HITPOINT WARNING * * *
You take 1 damage, and have 10/35 hp.
You barely miss Terence. Terence hits you with a +0 trident.
* * * LOW HITPOINT WARNING * * *
You take 5 damage, and have 5/35 hp.
You barely miss Terence. You hit Terence but do no damage.
Terence hits you with a +0 trident.
* * * LOW HITPOINT WARNING * * *
You take 2 damage, and have 3/35 hp.
You hit Terence but do no damage.
Really quaff
G - a potion of ambrosia {!q}?
You are confused.
You feel invigorated. Terence shouts, "Now you die!"
Terence closely misses you.
You regained 4 hp, and now have 8/35 hp.
MP restored: 4 You hit Terence but do no damage.
Terence barely misses you.
You regained 3 hp, and now have 11/35 hp.
You bump into the rock wall.
You regained 4 hp, and now have 15/35 hp.
You're too confused to move!
You feel less invigorated.
You feel less confused. Terence hits you with a +0 trident.
You barely miss Terence. Terence hits you with a +0 trident.
You take 1 damage, and have 15/35 hp.
You barely miss Terence.
Terence is no longer moving slowly.
You hit Terence. Terence hits you with a +0 trident.
* * * LOW HITPOINT WARNING * * *
You take 6 damage, and have 9/35 hp.
You hit Terence. Terence barely misses you.
You hit Terence. Terence hits you but does no damage.
You hit Terence but do no damage. Terence hits you with a +0 trident.
* * * LOW HITPOINT WARNING * * *
You take 5 damage, and have 5/35 hp.
You hit Terence but do no damage. Terence hits you with a +0 trident.
* * * LOW HITPOINT WARNING * * *
You take 3 damage, and have 2/35 hp.
You hit Terence but do no damage. Terence hits you with a +0 trident.
You die...

........##.#
###.##.########.....
........##.#
#...................
).......##.#
#.##.#.########.....
##......##.#
#.#....#......##...# #......##.#
#.#.#..#.####.####.#
#......##.###.#.#..#....#†####.#
#......##.....#.##.####.#......#
#......########.##.# #.#.......
###'#### #@##.# #.#....### #.#
#@##.# #.#..#.### #.# #.##.#
#..<...... #.# #(##>#
#####.#.##. #.# #.####
#.....#.##. #.# #.# #.#####....
####.# .(# #.# ####. .....# ###
#.# #. ###### #.###### #.


You could see Terence.

Vanquished Creatures
  A scorpion (D:2)
  A worm (D:2)
  A dart slug (D:1)
  5 endoplasms
  A giant cockroach (D:1)
  A goblin (D:1)
  4 hobgoblins (D:1)
  4 jackals (D:1)
  2 quokkas
  5 ball pythons (D:1)
  4 frilled lizards
  2 kobolds
  4 rats
35 creatures vanquished.

Notes
Turn   | Place    | Note
-------+----------+-------------------------------------------
     0 | D:1      | sokol815 the Demonspawn Monk began the quest for the Orb.
     0 | D:1      | Reached XP level 1. HP: 18/18 MP: 1/1
   159 | D:1      | Reached skill level 3 in Axes
   329 | D:1      | Gained mutation: You have a pair of small antennae on your
                  | head. [demonic ancestry]
   329 | D:1      | Reached XP level 2. HP: 24/24 MP: 2/2
   686 | D:1      | Found a faded altar of an unknown god.
   697 | D:1      | Prayed at the altar of an unknown god.
   697 | D:1      | Became a worshipper of Cheibriados the Contemplative
   697 | D:1      | Reached * piety under Cheibriados
   697 | D:1      | Reached ** piety under Cheibriados
   881 | D:1      | Reached *** piety under Cheibriados
  1234 | D:1      | Gained mutation: Spells you cast may paralyse adjacent
                  | enemies. [demonic ancestry]
  1234 | D:1      | Reached XP level 3. HP: 29/29 MP: 3/3
  1540 | D:2      | Noticed a scorpion
  1558 | D:2      | Killed a scorpion
  1559 | D:2      | Reached skill level 4 in Axes
  1559 | D:2      | Reached XP level 4. HP: 32/35 MP: 0/4
  1954 | D:2      | Noticed Sigmund
  2030 | D:2      | Noticed Terence
  2058 | D:2      | HP: 5/35 [Terence/+0 trident (5)]
  2071 | D:2      | HP: 5/35 [Terence/+0 trident (5)]
  2072 | D:2      | HP: 2/35 [Terence/+0 trident (3)]
  2073 | D:2      | Slain by Terence

Illustrated notes

Levels and vault maps discovered:
D:1:      heliophobic_arrival_ceremonial_halls, layout_basic,
          ebering_ecumenical_altar_sacrificial
D:2:      layout_basic, uniq_terence, uniq_natasha, uniq_robin, uniq_sigmund

Skill      XL: |  1  2  3 |
---------------+----------+-----
Axes           | 3 4 |  4.8
Fighting       | |  3.0
Dodging        | |  2.6
Stealth        | |  1.7

Action                   |  1- 3 |  4- 6 || total
-------------------------+-------+-------++-------
Melee: Hand axe          |    66 |    52 ||   118
       Punch             |     1 |       ||     1
Throw: Stone             |    67 |    28 ||    95
Invok: Bend Time         |     1 |     1 ||     2
  Use: Scroll            |       |     3 ||     3
       Potion            |       |     1 ||     1
Armor: Robe              |    12 |     3 ||    15
       Ring mail         |       |     6 ||     6
Dodge: Dodged            |    49 |    19 ||    68

Table legend: (Time is in decaauts)
 A = Elapsed time spent in this place.
 B = Non-inter-level travel time spent in this place.
 C = Inter-level travel time spent in this place.
 D = Time resting spent in this place.
 E = Time spent auto-exploring this place.
 F = Levels seen in this place.
 G = Mean time per level.
                   A        B        C        D        E       F      G
               +--------+--------+--------+--------+--------+-----+--------+
         Total |   2524 |   2451 |     73 |    113 |   1960 |   2 | 1262.0 |
       Dungeon |   2524 |   2451 |     73 |    113 |   1960 |   2 | 1262.0 |
               +--------+--------+--------+--------+--------+-----+--------+

Top non-repeatable levels by time:
     D:1: 1524 daAuts
     D:2: 1000 daAuts

Table legend:
 A = Kills in this place as a percentage of kills in entire the game.
 B = Kills by you in this place as a percentage of kills by you in the entire game.
 C = Kills by friends in this place as a percentage of kills by friends in the entire game.
 D = Other kills in this place as a percentage of other kills in the entire game.
 E = Experience gained in this place as a percentage of experience gained in the entire game.
 F = Experience gained in this place divided by the number of levels of this place that you have seen.
                   A       B       C       D       E      F
               +-------+-------+-------+-------+-------+----------------------
         Total | 100.0 | 100.0 |   N/A |   N/A | 100.0 |  71.0
       Dungeon | 100.0 | 100.0 |   N/A |   N/A | 100.0 |  71.0
               +-------+-------+-------+-------+-------+----------------------
